Unix NetHack Version 5.0.0-0 post-release - last build Jun 10 2026 00:39:30 (3ee93aec679c4c4259841fe613dc97188e26a321,branch:main).

Game began 2026-07-03 00:24:58, ended 2026-07-03 00:41:57.

IanCurtis, chaotic male elven Wizard

       -----------
       |..(......|                     --------
       |.<.......|                     |......|
       |.........|                     |......|
       |.........|                    #.....[.|
       ---|-------                    #----.-.-
          ##                    ########    ###
           #                    ######      #### #
           #                  ###           ##### #
           ###                #             #   ###
             #               ##                 ########       #`
           --|---         ####                    #####         #f@a
           |*...|  ########                        ---.----+-+--#
           |....|  #                               |...........|#
           |....|###                               |...........|#
           |....-#                                 ............-#
           |....|                                  |{..........|
           ------                                  -------------

IanCurtis the Conjurer    St:10 Dx:16 Co:13 In:20 Wi:10 Ch:7  Chaotic
Dlvl:7  $:96 HP:0(34) Pw:48(58) AC:7  Xp:5 T:2168  Burdened

Latest messages:
 You have a little trouble lifting W - a spellbook of jumping.
 What do you want to read? [ijlpqCJNOTVW or ?*] W
 You begin to memorize the runes.
 You add "jumping" to your repertoire, as 'f'.
 In what direction? b
 The statue shatters.
 You see here 7 gold pieces.
 You have a little trouble lifting $ - 7 gold pieces (96 in total).
 You see here a eucalyptus leaf.
 You have a little trouble lifting Y - a eucalyptus leaf.
 This door is locked.
 Unlock it with your lock pick? [ynq] (q) y
 You succeed in picking the lock.
 The door resists!
 The door opens.
 The grid bug bites!
 You avoid harm.
 The grid bug bites!
 You avoid harm.
 You kill the grid bug!
 You swap places with your kitten.
 You hear some noises.
 The ape hits!
 The ape hits again!
 The ape bites!
 In what direction? b
 The spell misses the ape.
 The ape hits!
 The ape hits again!
 The ape bites!
 In what direction? b
 The magic missile hits the ape!
 The magic missile bounces!
 You kill the ape!
 The magic missile hits you!
 The missiles bounce off!
 Your kitten eats an ape corpse.
 In what direction? .
 You feel better.
 You see here a scale mail.
 The door resists!
 The door resists!
 The door opens.
 With great effort you move the boulder.
 The giant beetle bites!
 The giant beetle bites!
 You stop.  Your kitten is in the way!
 The giant beetle bites!
 You die...
 Do you want your possessions identified? [ynq] (y) q

Inventory:
 Coins    ('$')
  $ - 96 gold pieces
 Weapons  (')')
  a - a blessed +1 quarterstaff (weapon in hands)
 Armor    ('[')
  u - an uncursed +0 orcish helm (being worn)
  M - an uncursed +0 pair of low boots (being worn)
  b - an uncursed +0 cloak of magic resistance (being worn)
 Comestibles  ('%')
  Y - an uncursed eucalyptus leaf
  K - an uncursed food ration
 Scrolls  ('?')
  j - 2 uncursed scrolls of blank paper
  i - 2 uncursed scrolls of enchant armor
  p - an uncursed scroll of enchant weapon
  N - an uncursed scroll of remove curse
  V - a cursed scroll of scare monster
  C - a blessed scroll of teleportation
 Spellbooks  ('+')
  O - an uncursed spellbook of extra healing
  J - a blessed spellbook of force bolt
  T - an uncursed spellbook of healing
  W - an uncursed spellbook of jumping
  l - an uncursed spellbook of knock
  q - an uncursed spellbook of magic missile
 Potions  ('!')
  r - an uncursed potion of gain energy
  A - a blessed potion of healing
  s - 7 uncursed potions of healing
  f - an uncursed potion of levitation
  I - an uncursed potion of oil
  g - an uncursed potion of water
  h - an uncursed potion of water
 Rings    ('=')
  d - an uncursed ring of free action
  P - a blessed +3 ring of increase accuracy
  e - an uncursed ring of regeneration
  t - an uncursed ring of shock resistance
 Wands    ('/')
  v - a wand of digging (0:8)
  X - a wand of digging (0:8)
  U - a wand of fire (0:8)
  H - a wand of lightning (0:4)
  w - a wand of locking (0:7)
  c - a wand of locking (0:6)
 Tools    ('(')
  o - an uncursed tooled horn
  n - an uncursed blindfold
  k - an uncursed lock pick
  m - a magic marker (0:21)

IanCurtis the Wizard's attributes:

Background:
 You were a Conjurer, a level 5 male elven Wizard.
 You were chaotic, nominally on a mission for Anhur
 who was opposed by Ptah (lawful) and Thoth (neutral).
 You were right-handed.
 You were in the Dungeons of Doom, on level 7.
 You entered the dungeon 2168 turns ago.
 It was the midnight hour.
 You had 188 experience points, 132 more were needed to attain level 6.

Basics:
 You had 0 out of 34 hit points.
 You had 48 out of 58 energy points (spell power).
 Your armor class was 7.
 Your wallet contained 96 zorkmids.
 Autopickup was off.

Final Characteristics:
 Your strength was 10 (limit:18).
 Your dexterity was 16 (limit:18).
 Your constitution was 13 (limit:16).
 Your intelligence was 20 (limit:20).
 Your wisdom was 10 (limit:20).
 Your charisma was 7 (limit:18).

Final Status:
 You weren't hungry.
 You were burdened; movement was slightly slowed.
 You were wielding a quarterstaff.
 You had basic skill with quarterstaff.

Final Attributes:
 You were piously aligned.
 You were magic-protected.
 You were sleep resistant.
 You were telepathic.
 You had infravision.
 You were warded.
 You are dead.

Miscellaneous:
 You didn't encounter any bones levels.
 Total elapsed playing time was 16 minutes and 57 seconds.

Major events:
 Turn
    1: IanCurtis the chaotic male elven Wizard entered the dungeon
  634: attained the rank of Conjurer (level 3)
 1257: entered the Gnomish Mines
 2168: killed by a giant beetle

Spells:
 Name                 Level Category     Fail Retention
 force bolt             1   attack         0%   81%-90%
 knock                  1   matter         0%  76%-100%
 magic missile          2   attack         0%   81%-90%
 extra healing          3   healing       74%  76%-100%
 healing                1   healing        0%  76%-100%
 jumping                1   escape         0%  76%-100%

Skills:
 Fighting Skills
   bare handed combat [Unskilled]
   riding             [Unskilled]
 Weapon Skills
   dagger             [Unskilled]
   knife              [Unskilled]
   axe                [Unskilled]
   short sword        [Unskilled]
   club               [Unskilled]
   mace               [Unskilled]
   quarterstaff       [Basic]
   polearms           [Unskilled]
   spear              [Unskilled]
   trident            [Unskilled]
   sling              [Unskilled]
   dart               [Unskilled]
   shuriken           [Unskilled]
 Spellcasting Skills
   attack spells      [Basic]
   healing spells     [Unskilled]
   divination spells  [Unskilled]
   enchantment spells [Basic]
   clerical spells    [Unskilled]
   escape spells      [Unskilled]
   matter spells      [Unskilled]

Voluntary challenges:
 Character rerolling was not enabled.
 You were an atheist.
 You never genocided any monsters.
 You never polymorphed an object.
 You never changed form.
 You used no wishes.
Achievements:
 You attained the rank of Conjurer.
 You entered a shop.
 You entered the Gnomish Mines.

 The Dungeons of Doom: levels 1 to 7
    Level 1:
       A fountain.
    Level 2:
    Level 3:
       A wand shop.
    Level 4:
       An altar to Anhur.
       Stairs down to The Gnomish Mines.
    Level 5:
    Level 6:
       A general store.
    Level 7: <- You were here.
       A fountain.
       Final resting place for
          you, killed by a giant beetle.
 The Gnomish Mines:
    Level 5:


Vanquished creatures:
 an ape
  2 gnome leaders
 an elf zombie
  3 giant ants
  a little dog
  a floating eye
 an iguana
  a hobbit
  a large kobold
  2 giant rats
  a brown mold
  a yellow mold
  a green mold
  a red mold
  2 gnomes
  a gnome zombie
  2 geckos
  a jackal
  a fox
  3 goblins
  a grid bug
  3 lichens
  6 newts
38 creatures vanquished.

No species were genocided or became extinct.

Game over:
                       ----------
                      /          \
                     /    REST    \
                    /      IN      \
                   /     PEACE      \
                  /                  \
                  |    IanCurtis     |
                  |      96 Au       |
                  |   killed by a    |
                  |   giant beetle   |
                  |                  |
                  |                  |
                  |       2026       |
                 *|     *  *  *      | *
        _________)/\\_//(\/(/\)/\//\/|_)_______

Goodbye IanCurtis the Wizard...

You died in The Dungeons of Doom on dungeon level 7 with 1149 points,
and 96 pieces of gold, after 2168 moves.
You were level 5 with a maximum of 34 hit points when you died.

